Map: Lightshade LE

Players

uThermal

  • Race: Terran Terran

HeroMarine - Winner!

  • Race: Terran Terran

Event: DreamHack SC2 Masters 2021 Fall

VOD

Have the link to the VOD?

Description

Time

  • Played on: July 30, 2021, 12:16 p.m.
  • Length: 11:18

All games in this series

Show
View Real Time Build Order
Export as new Build Order

uThermal Terran 

Build Orders: Banshee Rush 

Get SALT Encoding   

  12  0:00  SCV  
  13  0:12  SCV  
  14  0:17  Supply Depot  
  14  0:24  SCV  
  15  0:38  SCV  
  15  0:40  Barracks  
  16  0:43  Refinery  
  16  0:50  SCV  
  16  0:53  Refinery  
  17  1:03  SCV  
  18  1:15  SCV  
  19  1:27  Reaper, Orbital Command  
  19  1:28  Supply Depot  
  20  1:42  Factory  
  20  1:53  SCV  
  21  1:59  Reaper  
  22  2:05  SCV  
  23  2:17  SCV  
  23  2:22  Command Center  
  24  2:28  Hellion  
  26  2:32  Barracks Tech Lab  
  26  2:34  SCV  
  27  2:46  SCV  
  27  2:50  Widow Mine  
  30  2:54  Starport  
  30  2:55  Supply Depot  
  30  2:57  Barracks Reactor  
  30  2:59  SCV  
  31  3:11  Factory Tech Lab  
  31  3:17  SCV  
  32  3:20  Refinery  
  32  3:29  SCV  
  32  3:30  Banshee, Cloaking Field  
  36  3:35  Marine  
  36  3:36  Marine  
  37  3:44  Cyclone  
  39  3:50  Orbital Command  
  39  3:52  Marine  
  39  3:53  Marine  
  41  3:59  SCV  
  41  4:12  Marine x2  
  41  4:13  Banshee, SCV  
  45  4:20  SCV  
  46  4:25  SCV  
  47  4:32  SCV  
  47  4:34  Siege Tank  
  51  4:44  Supply Depot  
  51  4:46  Marine x2, SCV  
  51  4:51  SCV  
  53  4:58  SCV  
  53  5:03  Marine, SCV  
  53  5:05  Raven  
  53  5:06  Marine  
  55  5:10  SCV  
  55  5:11  Siege Tank  
  59  5:15  SCV  
  57  5:21  Marine  
  57  5:23  Marine, SCV, Supply Depot  
  57  5:28  SCV  
  61  5:32  Supply Depot  
  61  5:35  SCV  
  62  5:44  Supply Depot  
  62  5:45  Marine x2, SCV, Siege Tank  
  62  5:47  SCV  
  69  5:55  Raven  
  71  5:57  SCV  
  71  5:59  SCV  
  73  6:06  Command Center  
  73  6:07  Marine x2  
  75  6:12  SCV  
  75  6:14  Refinery, SCV  
  75  6:18  Siege Tank  
  80  6:25  Marine x2, SCV  
  80  6:27  SCV  
  80  6:30  Supply Depot  
  84  6:38  SCV  
  85  6:41  SCV  
  85  6:44  Supply Depot  
  86  6:51  SCV  
  87  6:54  Viking x2  
  87  6:56  Marine, Stimpack  
  87  6:57  SCV, Supply Depot  
  93  7:04  SCV  
  93  7:06  Siege Tank  
  97  7:12  SCV  
  97  7:14  Marine  
  81  7:23  SCV  
  81  7:24  Viking x2  
  86  7:30  Barracks  
  86  7:31  SCV  
  86  7:32  Barracks  
  87  7:38  SCV, Siege Tank  
  87  7:43  SCV  
  92  7:47  Marine  
  92  7:54  Viking x2, SCV  
  97  8:05  Marine  
  93  8:13  Siege Tank  
  93  8:14  SCV  
  93  8:21  SCV  
  93  8:23  Marine  
  93  8:24  Marine, Viking x2  
  100  8:29  Supply Depot  
  99  8:41  Marine  
  100  8:45  Siege Tank  
  104  8:51  Barracks Reactor x2  
  104  8:52  SCV  
  104  8:53  Engineering Bay  
  104  8:54  SCV, Engineering Bay  
  103  8:58  Marine  
  103  8:59  Viking x2  
  103  9:04  SCV  
  93  9:16  Marine, Command Center  
  94  9:17  Siege Tank  
  94  9:21  Terran Infantry Armor Level 1, Terran Infantry Weapons Level 1  
  97  9:27  Marine x4  
  97  9:30  Viking  
  103  9:35  Viking  
  105  9:41  Marine, Combat Shield  
  106  9:50  Marine x2  
  108  9:56  Marine  
  109  10:03  Marine  
  113  10:08  Barracks  
  113  10:09  Supply Depot, Barracks  
  113  10:10  Marine  
  113  10:12  Viking  
  107  10:14  Marine  
  107  10:20  Siege Tank  
  111  10:24  Marine x2  
  113  10:30  Marine  
  113  10:31  Marine  
  113  10:34  Marine  
  83  10:42  Marine x2  
  82  10:43  Medivac  
  82  10:46  Medivac  
  82  10:48  Marine  
  87  10:55  Marine  
  92  10:59  Barracks Reactor x2  
  92  11:00  Marine  
Show
View Real Time Build Order
Export as new Build Order

HeroMarine Terran - Winner!

Build Orders:  

Get SALT Encoding   

  12  0:00  SCV  
  13  0:12  SCV  
  14  0:16  Supply Depot  
  14  0:24  SCV  
  15  0:38  SCV, Barracks  
  16  0:43  Refinery  
  16  0:50  SCV  
  16  0:53  Refinery  
  17  1:02  SCV  
  18  1:14  SCV  
  19  1:25  Reaper  
  19  1:26  Orbital Command  
  19  1:30  Supply Depot  
  20  1:41  Factory  
  20  1:53  SCV  
  21  1:57  Reaper  
  22  2:05  SCV  
  23  2:17  SCV  
  24  2:25  Command Center  
  24  2:27  Hellion  
  24  2:29  SCV  
  27  2:32  Reaper  
  28  2:38  Supply Depot  
  28  2:41  SCV  
  29  2:48  Hellion  
  31  2:55  Starport  
  31  2:59  SCV  
  32  3:09  Barracks Reactor, Factory Tech Lab  
  32  3:12  SCV  
  33  3:18  Refinery  
  33  3:24  SCV  
  34  3:34  Starport Tech Lab  
  34  3:37  Orbital Command  
  34  3:38  SCV  
  35  3:43  Cyclone  
  38  3:50  SCV  
  38  3:53  Marine x2, Raven  
  43  4:02  SCV  
  44  4:07  SCV  
  45  4:10  Marine  
  45  4:11  Marine  
  45  4:14  SCV, Supply Depot  
  48  4:18  Siege Tank  
  48  4:19  SCV  
  51  4:26  SCV  
  51  4:28  Marine x2  
  51  4:31  Supply Depot  
  54  4:36  SCV, Raven  
  54  4:38  SCV  
  58  4:45  Supply Depot  
  58  4:46  Marine x2  
  58  4:48  SCV  
  58  4:50  Siege Tank  
  58  4:52  SCV  
  63  5:00  SCV  
  63  5:04  Marine x2  
  63  5:05  SCV  
  64  5:07  Supply Depot  
  64  5:12  SCV  
  62  5:17  SCV  
  61  5:22  Siege Tank  
  61  5:24  SCV  
  64  5:29  Command Center  
  64  5:30  Viking x2  
  64  5:33  Stimpack  
  64  5:34  Marine  
  69  5:38  SCV x2  
  71  5:50  SCV x2  
  71  5:52  Marine  
  74  6:00  Refinery, Viking x2  
  74  6:01  Supply Depot  
  74  6:02  SCV x2  
  80  6:07  Siege Tank  
  80  6:10  Marine  
  84  6:14  SCV x2  
  86  6:23  Barracks  
  86  6:24  Barracks  
  86  6:27  SCV x2  
  86  6:28  Marine  
  86  6:30  Viking x2  
  93  6:35  Engineering Bay x2  
  93  6:41  Orbital Command  
  93  6:42  SCV x2  
  93  6:46  Marine, Siege Tank  
  98  6:54  SCV x2  
  100  7:02  Supply Depot  
  100  7:03  Marine, Terran Infantry Weapons Level 1  
  100  7:05  Supply Depot  
  100  7:07  Terran Infantry Armor Level 1  
  100  7:08  SCV x2  
  102  7:13  Marine  
  102  7:14  SCV  
  93  7:18  Siege Tank  
  93  7:20  SCV x2  
  95  7:24  Liberator  
  95  7:26  Orbital Command  
  98  7:32  SCV x2  
  98  7:35  Barracks  
  98  7:36  Barracks Reactor x2, Barracks  
  100  7:40  Marine  
  101  7:44  SCV x2  
  101  7:46  Refinery  
  101  7:48  Refinery  
  101  7:50  Siege Tank  
  106  7:55  SCV  
  106  7:56  SCV x2  
  107  8:02  Marine  
  103  8:10  SCV x2  
  103  8:12  Marine x3  
  100  8:13  Marine  
  100  8:19  Marine  
  95  8:22  Viking, Siege Tank  
  72  8:27  Viking  
  88  8:30  Marine x3  
  88  8:31  Marine  
  91  8:37  Marine x2  
  91  8:40  Marine  
  94  8:48  Marine x4  
  95  8:52  Medivac  
  100  8:57  Marine, Medivac  
  100  8:59  Orbital Command  
  101  9:03  Marine x2  
  101  9:06  Marine x3  
  101  9:07  Marine  
  96  9:12  Siege Tank  
  96  9:15  Marine  
  100  9:18  Supply Depot  
  100  9:19  SCV x2  
  100  9:21  Marine x2  
  100  9:24  Medivac  
  106  9:30  Marine x2  
  109  9:32  Marine  
  109  9:35  Supply Depot  
  109  9:39  Marine, Medivac  
  109  9:44  Marine x3  
  115  9:47  Siege Tank  
  117  9:55  Marine  
  117  9:57  Marine x2  
  117  9:59  Marine  
  120  10:01  Marine  
  120  10:02  Marine x2  
  116  10:13  Marine  
  114  10:14  Medivac x2  
  114  10:16  Marine x2  
  114  10:17  Marine  
  114  10:19  Marine, Siege Tank  
  125  10:28  Marine x2  
  125  10:30  Marine  
  125  10:33  Marine  
  125  10:34  Marine  
  125  10:35  Marine  
  102  10:36  SCV  
  102  10:37  Marine, SCV x2  
  106  10:46  Marine x2  
  106  10:48  Refinery, Marine, SCV  
  106  10:49  SCV x2  
  112  10:51  Marine x2  
  112  10:56  Marine, Refinery  
  115  10:59  Sensor Tower  
  115  11:01  SCV  

Tags
 
Add a new tag
Caveats
  • Supply blocks, unpowered buildings, or Contaminate may cause inaccurate times.
  • Supply counts are checked every 10 seconds.